 Dungeon Crawl Stone Soup version 0.30.1-9-gdf580d7c3d (webtiles) character file.

Game seed: 5849222697511423798

91 KittyFluff the Cudgeller (level 4, -1/43 HPs)
             Began as a Gargoyle Berserker on Oct 21, 2023.
             Was a Believer of Trog.
             Slain by Sigmund
             ... wielding a +0 scythe
              (6 damage)
             ... on level 2 of the Dungeon.
             The game lasted 00:05:15 (1284 turns).

KittyFluff the Cudgeller (Gargoyle Berserker)       Turns: 1284, Time: 00:05:15

Health: -1/43      AC:  9    Str: 22    XL:     4   Next: 59%
Magic:  4/4        EV: 11    Int:  8    God:    Trog [**....]
Gold:   96         SH:  5    Dex:  9    Spells: 3/3 levels left

rFire   . . .        a - +0 mace
rCold   . . .        (no shield)
rNeg    + . .        c - +0 leather armour
rPois   ∞            (no helmet)
rElec   +            d - +1 cloak
rCorr   .            (no gloves)
SInv    .            (no boots)
Will    .....        n - amulet of reflection Stlth
                     (no ring)
HPRegen 0.27/turn    (no ring)
MPRegen 0.09/turn

%: reflection
@: berserking, very quick
A: sickness immunity, AC +3, negative energy resistance 1, electricity
resistance, torment resistance 1, petrification resistance
a: Renounce Religion, Berserk, Trog's Hand


You were on level 2 of the Dungeon.
You worshipped Trog.
Trog was pleased with you.
You visited 1 branch of the dungeon, and saw 2 of its levels.

You collected 96 gold pieces.

Inventory:

Hand Weapons
 a - a +0 mace (weapon)
 j - a +0 sling
Missiles
 g - 4 silver javelins (quivered)
Armour
 c - a +0 leather armour (worn)
 d - a +1 cloak (worn)
 e - a +0 ring mail
Jewellery
 n - an amulet of reflection (around neck)
Scrolls
 b - 2 scrolls of teleportation {unknown}
 f - a scroll of poison {unknown}
 h - a scroll of enchant weapon {unknown}
 k - a scroll of acquirement {unknown}
 l - a scroll of magic mapping {unknown}
 m - a scroll of vulnerability {unknown}
 r - a scroll of fear {unknown}
 s - 2 scrolls of enchant armour {unknown}
Potions
 i - a potion of curing {unknown}
 o - a potion of flight {unknown}
 p - a potion of invisibility {unknown}
 q - a potion of might {unknown}


   Skills:
 + Level 3.8 Fighting
 * Level 3.8 Maces & Flails
 * Level 3.3 Armour
 + Level 2.1 Dodging


You had 3 spell levels left.
You didn't know any spells.
Your spell library was empty.

Dungeon Overview and Level Annotations

Branches:
Dungeon (2/15)

Altars:
Vehumet

Annotations:
D:2 Sigmund


Innate Abilities, Weirdness & Mutations

You are immune to sickness and miasma.
Your stone body is resilient. (AC +3)
You are immune to poison.
You resist negative energy. (rN+)
You are resistant to electric shocks. (rElec)
You are resistant to unholy torment.
You are immune to petrification.


Message History

You barely miss the bat. The bat hits you but does no damage.
You block the bat's attack. The bat barely misses you.
You hit the bat.
You kill the bat!
Trog accepts your kill.
You see here a bat corpse.
A giant cockroach comes into view.
You hit the giant cockroach.
You kill the giant cockroach!
Trog accepts your kill.
You open the door.
There is an open door here.
Sigmund the Dreaded comes into view.
He is wielding a +0 scythe.
Sigmund closely misses you.
You hit Sigmund.
Sigmund is lightly wounded.
Sigmund mumbles some strange words.
Sigmund flickers and vanishes!
Deactivating autopickup; reactivate with Ctrl-A.
You hit something but do no damage. Something hits you.
You closely miss something. Something hits you!
You miss something. You miss something. Something hits you.
You sock something!
You hear some strange, mumbled words.
You are confused.
You bump into the rock wall.
Something barely misses you.
You bump into the rock wall.
Something hits you but does no damage.
You miss something.
You hear some strange, mumbled words.
A magic dart appears from out of thin air!
The magic dart hits you!
You bump into the rock wall.
Something hits you.
You bump into the rock wall.
You feel less confused.
You barely miss something. Something hits you!
* * * LOW HITPOINT WARNING * * *
A red film seems to cover your vision as you go berserk!
You feel yourself moving faster!
You feel mighty! Something hits you.
You die...

# ### . #..
.##.#####################
....<...................#
........###############.#
........'.......@{....#.#
........#############.#.#
........##.......<..# #.#
###..#####.######.#.# #.# #..#
#.#......#.# #.# ## #..#
####.####.#.# #.# #.
###..####.#########.#.#.########.
.....)..#.....................>#.
##.######.###########.#.#.#...##.


There were no monsters in sight!

Vanquished Creatures
  4 adders (D:2)
  A gnoll (D:1)
  2 dart slugs (D:1)
  5 endoplasms
  2 giant cockroaches
  4 goblins
  2 hobgoblins (D:2)
  3 jackals (D:2)
  3 quokkas (D:1)
  4 ball pythons
  5 bats
  A frilled lizard (D:1)
  4 kobolds
  A rat (D:2)
41 creatures vanquished.

Notes
Turn   | Place    | Note
-------+----------+-------------------------------------------
     0 | D:1      | KittyFluff the Gargoyle Berserker began the quest for the
                  | Orb.
     0 | D:1      | Reached XP level 1. HP: 14/14 MP: 1/1
   232 | D:1      | Reached XP level 2. HP: 19/19 MP: 2/2
   419 | D:1      | Reached XP level 3. HP: 21/23 MP: 3/3
   743 | D:2      | Reached ** piety under Trog
   745 | D:2      | Reached XP level 4. HP: 28/29 MP: 4/4
  1045 | D:2      | Found a radiant altar of Vehumet.
  1268 | D:2      | Noticed Sigmund
  1284 | D:2      | Slain by Sigmund

Illustrated notes

Levels and vault maps discovered:
D:1:      minmay_arrival_four_houses, layout_rooms
D:2:      layout_basic, basic_altar, grunt_decor_fettered, minmay_distorted,
          uniq_sigmund, uniq_jessica

Skill      XL: |  1  2  3 |
---------------+----------+-----
Armour         | 3 |  3.3
Dodging        | 2 |  2.1
Fighting       | |  3.8
Maces & Flails | |  3.8

Action                     |  1- 3 |  4- 6 || total
---------------------------+-------+-------++-------
  Melee: Mace              |    86 |    67 ||   153
         Punch             |     2 |       ||     2
 Invoke: Berserk           |       |     1 ||     1
 Armour: Leather armour    |    43 |    42 ||    85
  Dodge: Dodged            |    53 |    46 ||    99
  Block: Other             |     8 |    14 ||    22
